AoeStats
← RedPhosphoru

Arabia

510213756Analyzed
1v1 RM · 2d ago on Sep 30, 2026· 30m 34s· 2 players
Game mode
Random Map
Map size
Tiny (2 player)
Population
200
Speed
Normal
Resources
Standard
Victory
Conquest
Starting age
Dark Age
Ending age
Imperial Age
RankedLock teamsTeams togetherTeam positionsShared explorationLock speedFull tech treeHidden civsTurbo modeCheats
Victory
Defeat
🇺🇸 Bohemians · United States
2360
+12
🇦🇷 Inca · Argentina
2262
-12
the best BO's
8:54 Loom
11:16 Feudal Age
11:38 Champi Runner
12:09 Arson
13:26 Town Watch
17:25 Castle Age
16:07 Double-Bit Axe
18:08 Gold Mining
19:09 Sanctity
19:02 Redemption
19:37 Bow Saw
30:02 Imperial Age
RedPhosphoru
7:48 Loom
10:26 Feudal Age
14:12 Castle Age
12:41 Double-Bit Axe
21:41 Atonement
22:38 Fervor
22:48 Sanctity
24:16 Wheelbarrow
24:30 Redemption
29:33 Imperial Age
28:13 Town Watch
29:48 Fletching
30:45 Conscription
30:31 Wagenburg Tactics
Connection lost

Rejoining the realm…

Still unreachable

The connection could not be restored.

Session expired

The server has moved on; the page needs a fresh start.